| TOP OF THE 1ST |
|
Pompano Beach Stingrays batting - Pitching for Dunedin Blue Jays : RHP Charlie Kerfeld
|
|
Pitching: RHP Charlie Kerfeld
|
|
|
Batting: RHB Jorge Villalobos
|
0-0: Foul Ball, location: 2F 0-1: Ball 1-1: Ball 2-1: Foul Ball, location: 2F 2-2: Strikes out swinging, 2-3 out at first.
|
|
Batting: SHB Gene Roof
|
0-0: Ball 1-0: Foul Ball, location: 2F 1-1: Foul Ball, location: 2F 1-2: Foul Ball, location: 2F 1-2: Ball 2-2: Ball 3-2: Foul Ball, location: 2F 3-2: Foul Ball, location: 2F 3-2: Base on Balls
|
|
Batting: RHB Lance Junker
|
0-0: Called Strike 0-1: Ball 1-1: Ball 2-1: Swinging Strike 2-2: Ball 3-2: SINGLE (Line Drive, 8LS, EV 91.9 MPH) Gene Roof to second
|
|
Batting: RHB Mark Strucher
|
0-0: Fly out, F9 (Line Drive, 9, EV 96.9 MPH)
|
|
Batting: SHB Juan Molina
|
0-0: Ball 1-0: Ball 2-0: Called Strike 2-1: Foul Ball, location: 2F 2-2: Fly out, F7 (Line Drive, 7LM, EV 92.5 MPH)
|
| Top of the 1st over - 0 runs, 1 hit, 0 errors, 2 left on base; Pompano Beach 0 - Dunedin 0 |
| BOTTOM OF THE 1ST |
|
Dunedin Blue Jays batting - Pitching for Pompano Beach Stingrays : RHP Julian Gonzalez
|
|
Pitching: RHP Julian Gonzalez
|
|
|
Batting: SHB Albert Hall
|
0-0: Ball 1-0: Called Strike 1-1: Ball 2-1: SINGLE (Line Drive, 6MD, EV 96.3 MPH)
|
|
Batting: RHB David Hall
|
0-0: Ball 1-0: Swinging Strike 1-1: Ball 2-1: Called Strike 2-2: Ball 3-2: Fly out, F9 (Line Drive, 89S, EV 99.4 MPH)
|
|
Batting: LHB Ray Cosey
|
0-0: Ball Albert Hall steals 2nd base 1-0: Fly out, F8 (Line Drive, 8RD, EV 98.1 MPH)
|
|
Batting: RHB Dale Berra
|
0-0: Foul Ball, location: 2F 0-1: Ground out 3-1 (Groundball, 34, EV 103.8 MPH)
|
| Bottom of the 1st over - 0 runs, 1 hit, 0 errors, 1 left on base; Pompano Beach 0 - Dunedin 0 |
| TOP OF THE 2ND |
|
Pompano Beach Stingrays batting - Pitching for Dunedin Blue Jays : RHP Charlie Kerfeld
|
|
Batting: LHB Steve Phillips
|
0-0: Called Strike 0-1: Foul Ball, location: 2F 0-2: Ball 1-2: Ground out 6-3 (Groundball, 6, EV 88.8 MPH)
|
|
Batting: SHB Maury Ornest
|
0-0: SINGLE (Groundball, 4MD, EV 106.9 MPH)
|
|
Batting: RHB William Waag
|
0-0: Called Strike 0-1: Ball 1-1: Ball Wild Pitch! Maury Ornest to second 2-1: Ball 3-1: Called Strike Maury Ornest steals 3rd base 3-2: Ground out 3-1 (Groundball, 34S, EV 83.1 MPH) Maury Ornest scores
|
|
Batting: RHB Whitney Harry
|
0-0: Ball 1-0: Ball 2-0: Called Strike 2-1: SINGLE (Groundball, 6MD, EV 105.0 MPH)
|
|
Batting: RHB Jorge Villalobos
|
0-0: Swinging Strike 0-1: Called Strike 0-2: Ball 1-2: Foul Ball, location: 2F 1-2: Strikes out swinging
|
| Top of the 2nd over - 1 run, 2 hits, 0 errors, 1 left on base; Pompano Beach 1 - Dunedin 0 |
| BOTTOM OF THE 2ND |
|
Dunedin Blue Jays batting - Pitching for Pompano Beach Stingrays : RHP Julian Gonzalez
|
|
Batting: RHB Dann Bilardello
|
0-0: Ball 1-0: Ball 2-0: Foul Ball, location: 2F 2-1: Ball 3-1: Swinging Strike 3-2: Foul Ball, location: 2F 3-2: Foul Ball, location: 2F 3-2: DOUBLE (Line Drive, 5D, EV 107.5 MPH)
|
|
Batting: RHB Randy Lavigne
|
0-0: Foul Ball, location: 2F 0-1: Called Strike 0-2: Ball 1-2: Fly out, F8 (Flyball, 78D, EV 101.3 MPH) Throwing error, E8 Dann Bilardello scores
|
|
Batting: RHB Rich Murray
|
0-0: Called Strike 0-1: Called Strike 0-2: DOUBLE (Flyball, 78XD, EV 95.6 MPH)
|
|
Batting: RHB Tony Walker
|
0-0: Fly out, F7 (Flyball, 7LS, EV 93.1 MPH)
|
|
Batting: RHB Mario Ramirez
|
0-0: DOUBLE (Groundball, 5L, EV 98.8 MPH) Rich Murray scores
|
|
Batting: SHB Albert Hall
|
0-0: Called Strike 0-1: Foul Ball, location: 2F 0-2: Foul Ball, location: 2F 0-2: Ground out 5-3 (Groundball, 56S, EV 81.9 MPH)
|
| Bottom of the 2nd over - 2 runs, 3 hits, 1 error, 1 left on base; Pompano Beach 1 - Dunedin 2 |
| TOP OF THE 3RD |
|
Pompano Beach Stingrays batting - Pitching for Dunedin Blue Jays : RHP Charlie Kerfeld
|
|
Batting: SHB Gene Roof
|
0-0: Swinging Strike 0-1: Swinging Strike 0-2: Ball 1-2: Foul Ball, location: 2F 1-2: Ground out U3 (Groundball, 3, EV 105.6 MPH)
|
|
Batting: RHB Lance Junker
|
0-0: Ball 1-0: Foul Ball, location: 2F 1-1: Ball 2-1: Called Strike 2-2: Ball 3-2: Ground out 4-3 (Groundball, 4, EV 85.0 MPH)
|
|
Batting: RHB Mark Strucher
|
0-0: Called Strike 0-1: Called Strike 0-2: Foul Ball, location: 2F 0-2: Strikes out looking
|
| Top of the 3rd over - 0 runs, 0 hits, 0 errors, 0 left on base; Pompano Beach 1 - Dunedin 2 |
| BOTTOM OF THE 3RD |
|
Dunedin Blue Jays batting - Pitching for Pompano Beach Stingrays : RHP Julian Gonzalez
|
|
Batting: RHB David Hall
|
0-0: Called Strike 0-1: Foul Ball, location: 2F 0-2: Strikes out looking
|
|
Batting: LHB Ray Cosey
|
0-0: Called Strike 0-1: Fly out, F7 (Flyball, 7, EV 90.0 MPH)
|
|
Batting: RHB Dale Berra
|
0-0: Ball 1-0: Swinging Strike 1-1: Ball SINGLE, but batter called out on appeal for missing first base!
|
| Bottom of the 3rd over - 0 runs, 0 hits, 0 errors, 0 left on base; Pompano Beach 1 - Dunedin 2 |
| TOP OF THE 4TH |
|
Pompano Beach Stingrays batting - Pitching for Dunedin Blue Jays : RHP Charlie Kerfeld
|
|
Batting: SHB Juan Molina
|
0-0: Ball 1-0: Called Strike 1-1: Called Strike 1-2: SOLO HOME RUN (Flyball, 78XD, EV 100.6 MPH), Distance : 435 ft
|
|
Batting: LHB Steve Phillips
|
0-0: Swinging Strike 0-1: Ball 1-1: Ball 2-1: Called Strike 2-2: Strikes out swinging
|
|
Batting: SHB Maury Ornest
|
0-0: Ball 1-0: Called Strike 1-1: Swinging Strike 1-2: Foul Ball, location: 2F 1-2: Strikes out swinging
|
|
Batting: RHB William Waag
|
0-0: Ground out U3 (Groundball, 34, EV 86.9 MPH)
|
| Top of the 4th over - 1 run, 1 hit, 0 errors, 0 left on base; Pompano Beach 2 - Dunedin 2 |
| BOTTOM OF THE 4TH |
|
Dunedin Blue Jays batting - Pitching for Pompano Beach Stingrays : RHP Julian Gonzalez
|
|
Batting: RHB Dann Bilardello
|
0-0: Called Strike 0-1: Foul Ball, location: 2F 0-2: Strikes out swinging
|
|
Batting: RHB Randy Lavigne
|
0-0: Foul Ball, location: 2F 0-1: Foul Ball, location: 2F 0-2: Strikes out looking
|
|
Batting: RHB Rich Murray
|
0-0: Swinging Strike 0-1: Ball 1-1: Foul Ball, location: 2F 1-2: Ball 2-2: Strikes out swinging
|
| Bottom of the 4th over - 0 runs, 0 hits, 0 errors, 0 left on base; Pompano Beach 2 - Dunedin 2 |
| TOP OF THE 5TH |
|
Pompano Beach Stingrays batting - Pitching for Dunedin Blue Jays : RHP Charlie Kerfeld
|
|
Batting: RHB Whitney Harry
|
0-0: Called Strike 0-1: Ball 1-1: Foul Ball, location: 2F 1-2: Foul Ball, location: 2F 1-2: Ball 2-2: Ground out 6-3 (Groundball, 6, EV 101.3 MPH)
|
|
Batting: RHB Jorge Villalobos
|
0-0: Ball 1-0: SINGLE (Line Drive, 4D, EV 96.9 MPH)
|
|
Batting: SHB Gene Roof
|
0-0: Ball 1-0: Ball 2-0: Fly out, F5 (Flyball, 56D, EV 90.6 MPH)
|
|
Batting: RHB Lance Junker
|
0-0: Ball Wild Pitch! Jorge Villalobos to second 1-0: Foul Ball, location: 2F 1-1: Called Strike 1-2: Strikes out swinging
|
| Top of the 5th over - 0 runs, 1 hit, 0 errors, 1 left on base; Pompano Beach 2 - Dunedin 2 |
| BOTTOM OF THE 5TH |
|
Dunedin Blue Jays batting - Pitching for Pompano Beach Stingrays : RHP Julian Gonzalez
|
|
Batting: RHB Tony Walker
|
0-0: Ball 1-0: Called Strike 1-1: DOUBLE (Flyball, 8LD, EV 96.3 MPH)
|
|
Batting: RHB Mario Ramirez
|
0-0: Ball 1-0: Called Strike 1-1: Ground out 6-3 (Groundball, 6, EV 102.5 MPH)
|
|
Batting: SHB Albert Hall
|
0-0: Called Strike 0-1: Ball 1-1: Foul Ball, location: 2F 1-2: Foul Ball, location: 2F 1-2: Foul Ball, location: 2F 1-2: SINGLE (Groundball, 4M, EV 85.0 MPH) (infield hit) Tony Walker to third
|
|
Batting: RHB David Hall
|
0-0: Called Strike 0-1: Ball 1-1: Ball 2-1: Ball 3-1: Base on Balls Albert Hall to second
|
|
Batting: LHB Ray Cosey
|
0-0: Grounds into fielders choice 4-2 (Groundball, 4, EV 103.8 MPH) Albert Hall to third David Hall to second
|
|
Batting: RHB Dale Berra
|
0-0: Ball 1-0: Fly out, F8 (Flyball, 8RM, EV 94.4 MPH)
|
| Bottom of the 5th over - 0 runs, 2 hits, 0 errors, 3 left on base; Pompano Beach 2 - Dunedin 2 |
| TOP OF THE 6TH |
|
Pompano Beach Stingrays batting - Pitching for Dunedin Blue Jays : RHP Charlie Kerfeld
|
|
Batting: RHB Mark Strucher
|
0-0: Hit by Pitch
|
|
Batting: SHB Juan Molina
|
0-0: Ball 1-0: Called Strike 1-1: Fly out, F7 (Flyball, 7S, EV 83.1 MPH)
|
|
Batting: LHB Steve Phillips
|
0-0: Foul Ball, location: 2F 0-1: Called Strike 0-2: Ball 1-2: Foul Ball, location: 2F 1-2: Foul Ball, location: 2F 1-2: Strikes out swinging
|
|
Batting: SHB Maury Ornest
|
0-0: Ball 1-0: Ball 2-0: TRIPLE (Flyball, 9LD, EV 106.9 MPH) Mark Strucher scores
|
|
Batting: RHB William Waag
|
0-0: Ball 1-0: Called Strike 1-1: Ball 2-1: Ground out 6-3 (Groundball, 6, EV 84.4 MPH)
|
| Top of the 6th over - 1 run, 1 hit, 0 errors, 1 left on base; Pompano Beach 3 - Dunedin 2 |
| BOTTOM OF THE 6TH |
|
Dunedin Blue Jays batting - Pitching for Pompano Beach Stingrays : RHP Julian Gonzalez
|
|
Batting: RHB Dann Bilardello
|
0-0: Ball 1-0: Fly out, F7 (Flyball, 7LD, EV 97.5 MPH)
|
|
Batting: RHB Randy Lavigne
|
0-0: Foul Ball, location: 2F 0-1: Ball 1-1: Ball 2-1: Ball 3-1: Base on Balls
|
|
Batting: RHB Rich Murray
|
0-0: Called Strike 0-1: Ball 1-1: Ball 2-1: Fly out, F8 (Line Drive, 8LD, EV 88.1 MPH)
|
|
Batting: RHB Tony Walker
|
0-0: Ball 1-0: Ball 2-0: Ball 3-0: Called Strike 3-1: Called Strike 3-2: Ground out 6-3 (Groundball, 6M, EV 78.1 MPH)
|
| Bottom of the 6th over - 0 runs, 0 hits, 0 errors, 1 left on base; Pompano Beach 3 - Dunedin 2 |
| TOP OF THE 7TH |
|
Pompano Beach Stingrays batting - Pitching for Dunedin Blue Jays : RHP Charlie Kerfeld
|
|
Batting: RHB Whitney Harry
|
0-0: Foul Ball, location: 2F 0-1: Ball 1-1: Ball 2-1: Ball 3-1: Base on Balls
|
|
Batting: RHB Jorge Villalobos
|
0-0: Bunted foul 0-1: Ball 1-1: Bunt missed! 1-2: Ball 2-2: Ball 3-2: Fielders Choice at 2nd, 6-4 (Groundball, 6, EV 99.4 MPH)
|
|
Batting: SHB Gene Roof
|
0-0: Ball 1-0: Called Strike 1-1: Ball 2-1: Ball 3-1: Foul Ball, location: 2F 3-2: Base on Balls Jorge Villalobos to second
|
|
Batting: RHB Lance Junker
|
0-0: Fly out, F8 (Flyball, 78XD, EV 90.6 MPH) Runner from 2nd tags up, SAFE at 3rd, no throw by CF
|
|
Batting: RHB Mark Strucher
|
0-0: Called Strike 0-1: Ball 1-1: Fielders Choice at 2nd, 6-4 (Groundball, 6, EV 100.0 MPH)
|
| Top of the 7th over - 0 runs, 0 hits, 0 errors, 2 left on base; Pompano Beach 3 - Dunedin 2 |
| BOTTOM OF THE 7TH |
|
Dunedin Blue Jays batting - Pitching for Pompano Beach Stingrays : RHP Julian Gonzalez
|
|
Batting: RHB Mario Ramirez
|
0-0: Called Strike 0-1: Called Strike 0-2: Foul Ball, location: 2F 0-2: Ball 1-2: Ball 2-2: Strikes out swinging
|
|
Batting: SHB Albert Hall
|
0-0: Foul Ball, location: 2F 0-1: Ball 1-1: SINGLE (Line Drive, 8LS, EV 106.9 MPH)
|
|
Batting: RHB David Hall
|
0-0: Called Strike 0-1: Called Strike 0-2: Ball Albert Hall steals 2nd base 1-2: Strikes out swinging
|
|
Batting: LHB Ray Cosey
|
0-0: Foul Ball, location: 2F 0-1: Ball 1-1: Fly out, F7 (Flyball, 7LM, EV 82.5 MPH)
|
| Bottom of the 7th over - 0 runs, 1 hit, 0 errors, 1 left on base; Pompano Beach 3 - Dunedin 2 |
| TOP OF THE 8TH |
|
Pompano Beach Stingrays batting - Pitching for Dunedin Blue Jays : RHP Charlie Kerfeld
|
|
Batting: SHB Juan Molina
|
0-0: Ball 1-0: Called Strike 1-1: Ball 2-1: Swinging Strike 2-2: Foul Ball, location: 2F 2-2: Fly out, F5 (Line Drive, 5, EV 65.6 MPH)
|
|
Batting: LHB Steve Phillips
|
0-0: Ball 1-0: Ball 2-0: Swinging Strike 2-1: Called Strike 2-2: Ball 3-2: Base on Balls
|
|
Batting: SHB Maury Ornest
|
0-0: Ground out 4-3 (Groundball, 34, EV 105.0 MPH) Steve Phillips to second
|
|
Batting: RHB William Waag
|
0-0: Ground out 6-3 (Groundball, 56, EV 105.0 MPH)
|
| Top of the 8th over - 0 runs, 0 hits, 0 errors, 1 left on base; Pompano Beach 3 - Dunedin 2 |
| BOTTOM OF THE 8TH |
|
Dunedin Blue Jays batting - Pitching for Pompano Beach Stingrays : RHP Julian Gonzalez
|
|
Batting: RHB Dale Berra
|
0-0: Ground out 6-3 (Groundball, 6, EV 85.0 MPH)
|
|
Batting: RHB Dann Bilardello
|
0-0: Ball 1-0: Fly out, F8 (Flyball, 8LD, EV 96.9 MPH)
|
|
Batting: RHB Randy Lavigne
|
0-0: Foul Ball, location: 2F 0-1: Ball 1-1: Swinging Strike 1-2: Fly out, F8 (Line Drive, 8RD, EV 103.8 MPH)
|
| Bottom of the 8th over - 0 runs, 0 hits, 0 errors, 0 left on base; Pompano Beach 3 - Dunedin 2 |
| TOP OF THE 9TH |
|
Pompano Beach Stingrays batting - Pitching for Dunedin Blue Jays : RHP Charlie Kerfeld
|
|
Batting: RHB Whitney Harry
|
0-0: Ball 1-0: Fly out, F8 (Line Drive, 8LM, EV 88.1 MPH)
|
|
Batting: RHB Jorge Villalobos
|
0-0: Ball 1-0: Foul Ball, location: 2F 1-1: Ball 2-1: Ball 3-1: Foul Ball, location: 2F 3-2: Strikes out looking
|
|
Batting: SHB Gene Roof
|
0-0: Foul Ball, location: 2F 0-1: Ground out 6-3 (Groundball, 6, EV 103.1 MPH)
|
| Top of the 9th over - 0 runs, 0 hits, 0 errors, 0 left on base; Pompano Beach 3 - Dunedin 2 |
| BOTTOM OF THE 9TH |
|
Dunedin Blue Jays batting - Pitching for Pompano Beach Stingrays : RHP Julian Gonzalez
|
|
Pitching: RHP Don Kainer
|
|
|
Batting: RHB Rich Murray
|
0-0: Called Strike 0-1: Ball 1-1: Fly out, F8 (Flyball, 89D, EV 103.8 MPH)
|
|
Pinch Hitting: LHB Gary Fulton
|
0-0: Ball 1-0: Ball 2-0: Ball 3-0: Called Strike 3-1: Foul Ball, location: 2F 3-2: Base on Balls
|
|
Pinch Hitting: LHB Michael Pisarkiewicz
|
0-0: Ball 1-0: Called Strike 1-1: Ball 2-1: SINGLE (Flyball, 8RXD, EV 95.0 MPH) Gary Fulton to second
|
|
Batting: SHB Albert Hall
|
0-0: Ball 1-0: Ball 2-0: Swinging Strike 2-1: Fly out, F8 (Flyball, 8RM, EV 96.9 MPH)
|
|
Batting: RHB David Hall
|
0-0: Called Strike 0-1: Ball 1-1: Foul Ball, location: 2F 1-2: Ball 2-2: Foul Ball, location: 2F 2-2: Foul Ball, location: 2F 2-2: Foul Ball, location: 2F 2-2: Ball 3-2: TRIPLE (Flyball, 78XD, EV 93.8 MPH) Gary Fulton scores Michael Pisarkiewicz scores
|
| Bottom of the 9th over - 2 runs, 2 hits, 0 errors, 0 left on base; Pompano Beach 3 - Dunedin 4 |
|